 Dungeon Crawl Stone Soup version 0.29-a0-700-g2f1814c7b2 (webtiles) character file.

Game seed: 9237251852515565522

8381 ytrimaz the Prestidigitator (level 11, -5/84 HPs)
             Began as a Formicid Fighter on June 25, 2022.
             Was a High Priest of Okawaru.
             Slain by Snorg (12 damage)
             ... on level 13 of the Dungeon.
             The game lasted 00:18:23 (12862 turns).

ytrimaz the Prestidigitator (Formicid Fighter)     Turns: 12862, Time: 00:18:23

Health: -5/84      AC: 24    Str: 26    XL:     11   Next: 54%
Magic:  16/16      EV:  7    Int:  7    God:    Okawaru [*****.]
Gold:   543        SH:  5    Dex: 13    Spells: 10/10 levels left

rFire   . . .      SeeInvis +   E - +2 flail (drain)
rCold   . . .      Faith    +   c - +0 buckler
rNeg    . . .      Spirit   .   i - +4 plate armour "Soevais" {Will+}
rPois   +          Reflect  .   (helmet unavailable)
rElec   .          Harm     .   l - +0 cloak
rCorr   .          Rampage  .   (no gloves)
Will    ++...                   t - +0 pair of boots {Stlth+}
Stlth   ..........              p - amulet of faith
HPRegen 0.24/turn               I - +4 ring of protection
MPRegen 0.15/turn               o - ring of poison resistance

@: brilliant
A: permanent stasis, dig shafts and tunnels, antennae 3, four strong arms
a: Dig, Shaft Self, Renounce Religion, Heroism, Finesse, Duel


You were on level 13 of the Dungeon.
You worshipped Okawaru.
Okawaru was extremely pleased with you.
You visited 2 branches of the dungeon, and saw 13 of its levels.

You collected 543 gold pieces.

Inventory:

Hand Weapons
 a - a +0 flail of venom
 b - a +1 giant club
 e - a +0 vampiric whip
 q - a +2 flail of protection
 E - a +2 flail of draining (weapon)
Missiles
 j - 6 boomerangs
Armour
 c - a +0 buckler (worn)
 h - a +2 ring mail of fire resistance
 i - the +4 plate armour "Soevais" (worn) {Will+}
   (Okawaru gifted it to you on level 10 of the Dungeon)

   Will:      It increases your willpower.
 l - a +0 cloak (worn)
 r - +0 steam dragon scales
 t - a +0 pair of boots of stealth (worn)
Jewellery
 k - a ring of protection from cold
 o - a ring of poison resistance (right hand)
 p - an amulet of faith (around neck)
 z - a ring of fire
 I - a +4 ring of protection (left hand)
Wands
 f - a wand of polymorph (29)
 n - a wand of digging (5)
 v - a wand of paralysis (10)
 H - a wand of light (4)
Scrolls
 g - 4 scrolls of magic mapping
 s - 3 scrolls of enchant armour
 y - a scroll of poison
 B - 3 scrolls of amnesia
 G - 2 scrolls of noise
Potions
 d - a potion of might
 m - a potion of attraction {unknown}
 u - a potion of flight {unknown}
 x - 2 potions of mutation
 A - 2 potions of magic
 C - a potion of brilliance
 D - 2 potions of invisibility {unknown}
 F - 2 potions of berserk rage {unknown}
 J - 2 potions of curing
 K - 2 potions of heal wounds {unknown}


   Skills:
 - Level 7.0 Fighting
 - Level 1.1(1.2) Short Blades
 - Level 0.7(1.1) Long Blades
 - Level 9.0 Maces & Flails
 - Level 0.7 Polearms
 - Level 0.8 Slings
 - Level 0.5 Bows
 - Level 1.2 Crossbows
 - Level 8.0 Armour
 - Level 4.0 Shields
 - Level 0.7 Conjurations
 - Level 1.0 Hexes
 - Level 0.7 Summonings
 - Level 0.7 Necromancy
 - Level 0.6 Translocations
 - Level 1.1 Transmutations
 - Level 0.7 Fire Magic
 - Level 1.0 Ice Magic
 - Level 0.5 Air Magic
 - Level 1.0 Earth Magic
 - Level 1.1 Poison Magic
 - Level 7.0 Invocations
 + Level 13.9 Evocations


You had 10 spell levels left.
You didn't know any spells.
Your spell library contained the following spells:

 Spells                   Type           Power      Damage    Failure   Level
 Foxfire                  Conj/Fire      4%         2x1d4     99%         1
 Slow                     Hex            8%         N/A       99%         1
 Ensorcelled Hibernation  Hex/Ice        4%         N/A       99%         2
 Passwall                 Tmut/Erth      1%         N/A       99%         2
 Confusing Touch          Hex            2%         N/A       100%        3
 Conjure Flame            Conj/Fire      1%         6-21      100%        3
 Inner Flame              Hex/Fire       1%         N/A       100%        3
 Vampiric Draining        Necr           1%         2d6       100%        3
 Cause Fear               Hex            1%         N/A       100%        4
 Flame Wave               Conj/Fire      1%         2d4       100%        4
 Dragon Form              Tmut           1%         N/A       100%        7
 Swiftness                Air            Unusable   N/A       N/A         3
 Dragon's Call            Summ           Unusable   N/A       N/A         9

Dungeon Overview and Level Annotations

Branches:
Dungeon (11/15)            Temple (1/1) D:7            Lair (0/6) D:9
 Vaults (0/5) D:13
    Orc: D:9-12

Altars:
Ashenzari
Cheibriados
Dithmenos
Elyvilon
Fedhas
Gozag
Hepliaklqana
Kikubaaqudgha
Makhleb
Nemelex Xobeh
Okawaru
Qazlal
Ru
Sif Muna
Trog
Uskayaw
Vehumet
Wu Jian
Xom
Yredelemnul
Zin
The Shining One

Shops:
D:2 (   D:5 ?   D:10 *   D:11 =

Annotations:
D:13 Snorg


Innate Abilities, Weirdness & Mutations

You cannot be hasted, slowed, berserked, paralysed or teleported.
You can dig through walls and to a lower floor.
You have a pair of large antennae on your head. (SInv)
Your four strong arms can wield two-handed weapons with a shield.


Message History

A vault guard comes into view. It is wielding a +0 great sword.
The vault guard moves out of view.
Press: ? - help, v - describe, . - travel, g - get item
Here: a vault guard, wielding a +0 dire flail and wearing a +0 plate armour Item here: a dagger.
The floor.
Unknown command.
Snorg the Insatiable comes into view.
Snorg shouts!
Snorg moves out of view.
Snorg bites you! Snorg claws you but does no damage. You block Snorg's attack.
Snorg attacks as you move away! Snorg bites you.
Snorg claws you but does no damage. x2
Snorg attacks as you move away! Snorg bites you but does no damage.
Snorg claws you but does no damage. Snorg closely misses you.
Snorg attacks as you move away! Snorg bites you but does no damage.
Snorg claws you but does no damage. Snorg claws you!
Snorg goes berserk!
Found a stone staircase leading up.
Snorg bites you!! Snorg claws you! Snorg claws you but does no damage.
Snorg attacks as you move away! Snorg bites you!
* * * LOW HITPOINT WARNING * * *
You block Snorg's attack. Snorg claws you but does no damage.
There is a stone staircase leading up here.
Okay, then.
As you read the scroll of fear, it crumbles to dust.
You assume a fearsome visage.
The vault guard looks frightened! x2
Snorg is unaffected.
You block Snorg's attack. Snorg completely misses you.
Snorg claws you but does no damage. Snorg bites you.
* * * LOW HITPOINT WARNING * * *
Snorg claws you!
* * * LOW HITPOINT WARNING * * *
Snorg claws you but does no damage.
Unknown command.
Unknown command.
It was a potion of brilliance.
You feel clever all of a sudden. Snorg bites you but does no damage.
Snorg claws you but does no damage. Snorg claws you!
You die...

#p## ##{..######## ##.#
##.## ##*##p{#####p.# *
#.##..........# *******
#...p...{.....#**,,,,,,
#.....#######..**,*****
###...## #..,,,* *
#.##.T## *,,*,,*
#.*##@.#****,*********
*#**#.........** *,,*
*,*#....##....,*****,,*
**,#.....#**...,,*,,,,,*
*,#..#...# *,..,,,,,,,,*
**#.##...#**,,,,*****,,*
#.*#....*,,,,,* **,,,
*#,*#....,,,,,** **,,,,
**,,,*,,,,,,,,,* **,,**,


You could see Snorg (berserk) and 2 vault guards.

Vanquished Creatures
  Maggie (D:10)
  2 trolls (D:11)
  4 hornets
  Grinder (D:3)
  Sigmund (D:4)
  A shadow (D:11)
  A wraith (D:11)
  2 wyverns
  Grum (D:11)
  8 vampire mosquitoes
  3 steam dragons
  Edmund (D:5)
  3 wargs (D:9)
  2 acid dragons
  A water moccasin (D:9)
  Duvessa (D:5)
  An orc warrior (D:8)
  A sky beast (D:7)
  2 black bears
  An ogre (D:5)
  4 wolves (D:11)
  2 centaurs
  5 bullfrogs
  2 kobold brigands
  3 gnoll sergeants
  2 scorpions
  Dowan (D:5)
  6 wights
  4 killer bees (D:7)
  4 howler monkeys
  2 electric eels (D:6)
  5 hounds
  3 orc priests
  2 jellies (D:5)
  4 iguanas
  13 orc wizards
  Ijyb (D:5)
  12 gnolls
  7 adders
  A shadow imp (D:6)
  2 white imps
  3 worms (D:2)
  A dart slug (D:2)
  31 orcs
  6 ball pythons
  8 endoplasms
  3 giant cockroaches
  7 goblins
  2 hobgoblins
  10 jackals
  5 quokkas
  4 bats
  7 frilled lizards
  15 kobolds
  3 rats
228 creatures vanquished.

Vanquished Creatures (others)
  An orc (D:8)
  8 plants
9 creatures vanquished.

Grand Total: 237 creatures vanquished

Notes
Turn   | Place    | Note
-------+----------+-------------------------------------------
     0 | D:1      | ytrimaz the Formicid Fighter began the quest for the Orb.
     0 | D:1      | Reached XP level 1. HP: 18/18 MP: 1/1
    26 | D:1      | Reached XP level 2. HP: 10/25 MP: 2/2
   427 | D:1      | Reached XP level 3. HP: 26/30 MP: 3/3
   713 | D:1      | Found a faded altar of an unknown god.
  1095 | D:2      | Reached XP level 4. HP: 37/37 MP: 4/4
  1743 | D:2      | Found Afid Gug's Weapon Shop.
  2226 | D:3      | Noticed Grinder
  2269 | D:3      | Killed Grinder
  2270 | D:3      | Reached skill level 5 in Fighting
  2270 | D:3      | Reached skill level 5 in Maces & Flails
  2270 | D:3      | Reached XP level 5. HP: 7/44 MP: 5/5
  2270 | D:3      | Reached XP level 6. HP: 9/51 MP: 6/6
  3341 | D:4      | Noticed Sigmund
  3418 | D:4      | Noticed a steam dragon
  3428 | D:4      | Killed a steam dragon
  3429 | D:4      | Reached XP level 7. HP: 21/56 MP: 7/7
  3444 | D:4      | Killed Sigmund
  3848 | D:4      | Reached XP level 8. HP: 54/64 MP: 8/8
  3876 | D:4      | Found an iron altar of Okawaru.
  3876 | D:4      | Found a stormy altar of Qazlal.
  3877 | D:4      | Found a snail-covered altar of Cheibriados.
  3889 | D:4      | Became a worshipper of Warmaster Okawaru
  3977 | D:4      | Found a shadowy altar of Dithmenos.
  4242 | D:5      | Entered Level 5 of the Dungeon
  4309 | D:5      | Noticed Duvessa
  4309 | D:5      | Noticed Dowan
  4328 | D:5      | Killed Duvessa
  4338 | D:5      | Killed Dowan
  4338 | D:5      | Reached * piety under Okawaru
  4659 | D:5      | Reached skill level 1 in Invocations
  4752 | D:5      | Found Wuepear's Magic Scroll Shop.
  5149 | D:5      | Noticed Ijyb
  5153 | D:5      | Killed Ijyb
  5157 | D:5      | Noticed Edmund
  5169 | D:5      | Killed Edmund
  5170 | D:5      | Reached XP level 9. HP: 46/72 MP: 8/10
  5366 | D:5      | Reached ** piety under Okawaru
  5847 | D:6      | Reached skill level 5 in Invocations
  6919 | D:7      | Found a radiant altar of Vehumet.
  6965 | D:7      | Reached *** piety under Okawaru
  7326 | D:7      | Reached skill level 1 in Short Blades
  7326 | D:7      | Reached skill level 1 in Crossbows
  7326 | D:7      | Reached skill level 1 in Transmutations
  7334 | D:7      | Reached skill level 1 in Poison Magic
  7699 | D:7      | Found a staircase to the Ecumenical Temple.
  7883 | D:7      | Reached skill level 1 in Hexes
  7883 | D:7      | Reached skill level 1 in Ice Magic
  7883 | D:7      | Reached skill level 1 in Earth Magic
  7883 | D:7      | Reached XP level 10. HP: 71/79 MP: 15/15
  8019 | Temple   | Entered the Ecumenical Temple
  8381 | D:8      | Reached skill level 5 in Armour
  8613 | D:8      | Reached **** piety under Okawaru
  9063 | D:9      | Found an ornate altar of the Wu Jian Council.
  9689 | D:9      | Reached skill level 2 in Evocations
  9733 | D:9      | Reached ***** piety under Okawaru
  9734 | D:9      | Reached skill level 3 in Evocations
  9962 | D:9      | Found a staircase to the Lair.
  9972 | D:9      | Reached skill level 4 in Evocations
  9989 | D:9      | Reached skill level 5 in Evocations
  9997 | D:9      | Reached skill level 6 in Evocations
 10037 | D:9      | Reached skill level 7 in Evocations
 10348 | D:10     | Entered Level 10 of the Dungeon
 10359 | D:10     | Reached skill level 8 in Evocations
 10391 | D:10     | Noticed Maggie
 10415 | D:10     | Identified the +4 plate armour "Soevais" {Will+} (Okawaru
                  | gifted it to you on level 10 of the Dungeon)
 10415 | D:10     | Received a gift from Okawaru
 10416 | D:10     | Reached XP level 11. HP: 22/84 MP: 13/16
 10420 | D:10     | Reached skill level 9 in Evocations
 10978 | D:10     | Killed Maggie
 10979 | D:10     | Reached skill level 10 in Evocations
 11201 | D:10     | Found Ceqoadd's Overcharged Wands.
 11236 | D:10     | Found a shimmering blue altar of Sif Muna.
 11252 | D:10     | Reached skill level 11 in Evocations
 11753 | D:10     | Found a hide-covered altar of Uskayaw.
 11760 | D:10     | Found a hazy altar of Hepliaklqana.
 12060 | D:11     | Found Koesas's Jewellery Shop.
 12087 | D:11     | Reached skill level 12 in Evocations
 12250 | D:11     | Noticed Grum
 12267 | D:11     | Killed Grum
 12268 | D:11     | Reached skill level 13 in Evocations
 12741 | D:11     | You fall into a shaft and drop 2 floors!
 12833 | D:13     | Noticed a vault guard
 12833 | D:13     | Noticed a vault guard
 12833 | D:13     | Noticed a vault guard
 12833 | D:13     | Noticed a vault guard
 12834 | D:13     | Found a gate to the Vaults.
 12834 | D:13     | Noticed a vault guard
 12834 | D:13     | Noticed a vault guard
 12834 | D:13     | Noticed a vault guard
 12840 | D:13     | Noticed Snorg
 12862 | D:13     | Slain by Snorg

Illustrated notes

Levels and vault maps discovered:
D:1:      minmay_arrival_radiant_lines, layout_rooms,
          hellmonk_ecumenical_altar_slurped_away, grunt_decor_clamped
D:2:      layout_basic, serial_curves, eino_curves_01, eino_curves_02,
          serial_shops, shop_statue, minmay_misc_feat_columns
D:3:      layout_loops_ring, grunt_decor_fettered, uniq_grinder
D:4:      layout_rooms, lemuel_tele_altar, gammafunk_temple_overflow_forgotten,
          uniq_sigmund
D:5:      layout_gridville, serial_shops, shop, st_stairs_11,
          hangedman_abyss_or_decor_slice, skrybe_limestone_x, uniq_ijyb,
          uniq_edmund, uniq_duvessa
D:6:      layout_loops_cross, serial_bayou_ford_a, minivault_23
D:7:      layout_loops_ring, overflow_temple_1_default,
          lemuel_temple_firewalk_b, minmay_manual_mess
D:8:      layout_rooms
D:9:      layout_rooms, lemuel_crystal_altar, erik_lair_orcish_takeover,
          roderic_roman_lattice, amcnicky_mini_rare_corridor_liquid
D:10:     layout_cave_pods, lemuel_doored_altar, minitemple,
          hangedman_abyss_or_decor_stagger, nicolae_shop_overcharged_wands,
          uniq_maggie
D:11:     layout_irregular_city, erik_orc_1, serial_shops, shop,
          corexii_corridor_pit, fedhas_altar_1, uniq_grum
D:13:     layout_layer_cave, erik_vaults_2, kennysheep_generic_room_5,
          uniq_sonja, uniq_snorg
Temple:   compressed_dpeg_triangle_lava_temple

Skill      XL: |  1  2  3  4  5  6  7  8  9 10 11 |
---------------+----------------------------------+-----
Fighting       | 4 5 7 |  7.0
Maces & Flails | 3 5 6 7 9 |  9.0
Invocations    | 2 7 |  7.0
Short Blades   | 1 |  1.1
Crossbows      | 1 |  1.2
Transmutations | 1 |  1.1
Poison Magic   | 1 |  1.1
Hexes          | 1 |  1.0
Ice Magic      | 1 |  1.0
Earth Magic    | 1 |  1.0
Armour         | 8 |  8.0
Evocations     | 8 13 | 13.9
Long Blades    | |  0.7
Polearms       | |  0.7
Slings         | |  0.8
Bows           | |  0.5
Shields        | |  4.0
Conjurations   | |  0.7
Summonings     | |  0.7
Necromancy     | |  0.7
Translocations | |  0.6
Fire Magic     | |  0.7
Air Magic      | |  0.5

Action                   |  1- 3 |  4- 6 |  7- 9 | 10-12 || total
-------------------------+-------+-------+-------+-------++-------
Melee: Flail             |    23 |     6 |   263 |   352 ||   644
       Whip              |   116 |   199 |       |       ||   315
Invok: Heroism           |       |       |     5 |    11 ||    16
       Finesse           |       |       |       |     2 ||     2
 Abil: Dig               |       |       |     2 |       ||     2
  Use: Scroll            |     1 |     5 |     8 |     5 ||    19
       Potion            |       |     2 |     4 |     3 ||     9
 Stab: Sleeping          |       |       |     2 |     1 ||     3
Armor: Scale mail        |   125 |    61 |    13 |       ||   199
       Ring mail         |       |       |    74 |    37 ||   111
       Plate armour      |       |       |       |   167 ||   167
Dodge: Dodged            |    97 |    51 |   136 |   149 ||   433
Block: Buckler           |    44 |    38 |    52 |   108 ||   242

Table legend: (Time is in decaauts)
 A = Elapsed time spent in this place.
 B = Non-inter-level travel time spent in this place.
 C = Inter-level travel time spent in this place.
 D = Time resting spent in this place.
 E = Time spent auto-exploring this place.
 F = Levels seen in this place.
 G = Mean time per level.
                   A        B        C        D        E       F      G
               +--------+--------+--------+--------+--------+-----+--------+
         Total |  12763 |  12460 |    303 |   1300 |   8687 |  13 |  981.8 |
       Dungeon |  12598 |  12311 |    287 |   1300 |   8548 |  12 | 1049.8 |
        Temple |    164 |    148 |     16 |      0 |    139 |   1 |  164.0 |
               +--------+--------+--------+--------+--------+-----+--------+

Top non-repeatable levels by time:
     D:9: 1592 daAuts
    D:10: 1348 daAuts
     D:7: 1300 daAuts
     D:6: 1269 daAuts
     D:5: 1225 daAuts
     D:2: 1186 daAuts
     D:3: 1183 daAuts
     D:1: 950 daAuts
     D:4: 914 daAuts
     D:8: 850 daAuts
    D:11: 657 daAuts
  Temple: 164 daAuts
    D:13: 120 daAuts
